 Dungeon Crawl Stone Soup version 0.30-a0-469-g84de5afbc5 (webtiles) character file.

Game seed: 2819915938122866643

3898 funkygono the Thaumaturge (level 10, -10/70 HPs)
             Began as a Demonspawn Fire Elementalist on Dec 19, 2022.
             Was a Follower of Vehumet.
             Mangled by a yak (12 damage)
             ... on level 8 of the Dungeon.
             The game lasted 00:14:35 (8554 turns).

funkygono the Thaumaturge (DsFE)                    Turns: 8554, Time: 00:14:35

Health: -10/70     AC: 14    Str:  9    XL:     10   Next: 0%
Magic:  6/22       EV: 13    Int: 20    God:    Vehumet [*.....]
Gold:   1112       SH:  0    Dex: 14    Spells: 16/26 levels left

rFire   . . .      SeeInvis .    w - +3 quarterstaff (chaos)
rCold   . . .      Faith    .    (shield currently unavailable)
rNeg    . . .      Spirit   .    y - +0 steam dragon scales
rPois   .          Reflect  .    q - +1 helmet
rElec   .          Harm     .    x - +2 cloak
rCorr   .          Rampage  .    k - +1 pair of gloves
Will    .....                    (no boots)
Stlth   ++........               (no amulet)
HPRegen 0.31/turn                (no ring)
MPRegen 0.18/turn                (no ring)

@: mighty, studying Transmutations
A: rugged brown scales 2, foul stench 1, powered by pain 2
a: Renounce Religion


You were on level 8 of the Dungeon.
You worshipped Vehumet.
Vehumet was aware of your devotion.
You visited 2 branches of the dungeon, and saw 9 of its levels.

You collected 1112 gold pieces.

Inventory:

Hand Weapons
 c - a +2 vorpal falchion
 d - a +0 mace
 f - a +1 whip of electrocution
 o - a +0 whip of freezing
 w - a +3 quarterstaff of chaos (weapon)
Armour
 a - a +0 robe
 k - a +1 pair of gloves (worn)
 m - the -1 pair of boots of Idwum {+Blink Regen+ Str+4}
   (You found it on level 2 of the Dungeon)

   Str:       It affects your strength (+4).
   +Blink:    It lets you blink.
   Regen:     It increases your rate of health regeneration.
 q - a +1 helmet (worn)
 t - a +1 leather armour of willpower
 x - a +2 cloak (worn)
 y - +0 steam dragon scales (worn)
Jewellery
 p - an amulet of faith
 B - a +6 ring of intelligence
Wands
 j - a wand of polymorph (5)
 n - a wand of charming (7)
 z - a wand of iceblast (12)
Scrolls
 h - 3 scrolls of teleportation
 r - a scroll of fog
 s - a scroll of silence
 A - a scroll of blinking {unknown}
Potions
 b - 2 potions of degeneration {unknown}
 e - 3 potions of lignification
 g - a potion of mutation {unknown}
 i - 2 potions of brilliance
 l - 2 potions of attraction
 u - a potion of magic
 v - 4 potions of heal wounds {unknown}


   Skills:
 + Level 1.8 Fighting
 + Level 0.9(1.0) Maces & Flails
 + Level 0.5(0.9) Staves
 + Level 3.1 Dodging
 - Level 1.7 Stealth
 * Level 8.7 Spellcasting
 * Level 5.3 Conjurations
 * Level 8.6 Fire Magic


You had 16 spell levels left.
You knew the following spells:

 Your Spells              Type           Power      Damage    Failure   Level
a - Foxfire               Conj/Fire      100%       2x1d9     1%          1
b - Scorch                Fire           86%        2d9       1%          2
c - Kindle Blastsparks    Fire/Tloc/Air  40%        2d13      8%          3
d - Flame Wave            Conj/Fire      36%        2d10      4%          4

Your spell library contained the following spells:

 Spells                   Type           Power      Damage    Failure   Level
 Freeze                   Ice            32%        1d5       8%          1
 Magic Dart               Conj           100%       1d8       1%          1
 Inner Flame              Hex/Fire       26%        N/A       4%          3
 Sticky Flame             Conj/Fire      36%        2d6       4%          4
 Ignite Poison            Fire/Tmut/Pois 20%        N/A       8%          3
 Call Imp                 Summ           8%         N/A       12%         2
 Ensorcelled Hibernation  Hex/Ice        16%        N/A       12%         2
 Mephitic Cloud           Conj/Pois/Air  15%        N/A       12%         3
 Call Canine Familiar     Summ           8%         N/A       24%         3
 Spider Form              Tmut/Pois      8%         N/A       24%         3
 Lightning Bolt           Conj/Air       9%         1d22      58%         5
 Airstrike                Air            4%         2d(1-17)  61%         4
 Anguish                  Hex/Necr       4%         N/A       61%         4
 Summon Lightning Spire   Summ/Air       8%         N/A       61%         4


Dungeon Overview and Level Annotations

Branches:
Dungeon (8/15)             Temple (1/1) D:6
   Lair: D:8-11

Altars:
Ashenzari
Cheibriados
Dithmenos
Fedhas
Gozag
Hepliaklqana
Kikubaaqudgha
Makhleb
Okawaru
Ru
Sif Muna
Trog
Uskayaw
Vehumet
Wu Jian
Xom

Shops:
D:2 :   D:4 ?   D:6 (

Annotations:
D:7 3 runed translucent doors, spirosbanana's ghost, novice MiBe


Innate Abilities, Weirdness & Mutations

You are mostly covered in rugged brown scales. (AC +2, +5% HP)
You may rarely emit foul miasma when damaged in melee.
You sometimes gain power by taking damage.


Message History

The yak is almost dead.
You kill the yak!
Vehumet accepts your kill. The yak barely misses you.
You closely miss the yak.
The yak is lightly wounded.
The yak closely misses you.
You thump the yak!
The yak goes berserk!
The yak is moderately wounded.
The yak barely misses you. The yak closely misses you.
Casting: Flame Wave (dangerous; 4% risk of failure)
Confirm with . or Enter, or press ? or * to list all spells.
Casting: Flame Wave (dangerous; 4% risk of failure)
Press: ? - help, Dir - look around, f - activate A wave of flame ripples out!
The flame wave engulfs the yak!
The yak is heavily wounded. (Press . to intensify the flame waves.)
The yak gores you but does no damage.
Unknown command.
A wave of flame ripples out!
The flame wave engulfs the yak!
The yak is almost dead.
The flame wave engulfs the wight!
The wight is almost destroyed.
The yak gores you!!
* * * LOW HITPOINT WARNING * * *
You focus on the pain.
You feel very mighty all of a sudden. The yak gores you!
* * * LOW HITPOINT WARNING * * *
A wave of flame ripples out!
The flame wave engulfs the yak!
The yak is almost dead.
The flame wave engulfs the wight!
You destroy the wight!
Vehumet accepts your kill.
The flame wave engulfs the wight!
The wight is severely damaged.
You finish channelling waves of flame.
The yak misses you.
You have reached level 10!
The yak gores you!
You die...

#.# #.# #.#
#.# #z# #)#
#z# #Y# #@# ##
#.# .# #.# #.#
#.# #.# #.#
#.######
#.###.##...#
#.....##...#
####..##...###
####..##.....


You could see a yak (berserk) and 2 wights.

Vanquished Creatures
  Pikel (D:5)
  Grinder (D:3)
  Sigmund (D:6)
  5 yaks (D:8)
  A steam dragon (D:7)
  3 orc warriors
  An ice beast (D:6)
  A sky beast (D:5)
  A black bear (D:6)
  A centaur (D:4)
  A lemure (D:5)
  A phantom (D:5)
  2 necrophages
  4 scorpions
  5 wights
  4 killer bees (D:5)
  A howler monkey (D:7)
  3 hounds
  4 jellies
  Crazy Yiuf (D:6)
  2 orc priests
  2 iguanas (D:5)
  7 orc wizards
  Terence (D:3)
  3 adders
  4 gnolls (D:4)
  A shadow imp (D:7)
  An ufetubus (D:6)
  2 worms
  A dart slug (D:2)
  31 orcs
  3 endoplasms
  2 giant cockroaches
  8 goblins
  8 hobgoblins
  6 jackals
  6 quokkas
  5 ball pythons
  4 bats
  4 frilled lizards
  6 kobolds
  A rat (D:3)
  A bush (D:6)
151 creatures vanquished.

Vanquished Creatures (others)
  456 foxfires
  4 fungi (D:6)
  5 plants (D:2)
465 creatures vanquished.

Grand Total: 616 creatures vanquished

Notes
Turn   | Place    | Note
-------+----------+-------------------------------------------
     0 | D:1      | funkygono the Demonspawn Fire Elementalist began the quest
                  | for the Orb.
     0 | D:1      | Reached XP level 1. HP: 13/13 MP: 3/3
   272 | D:1      | Gained mutation: You may rarely emit foul miasma when
                  | damaged in melee. [demonic ancestry]
   272 | D:1      | Reached XP level 2. HP: 19/19 MP: 1/5
   383 | D:1      | Learned a level 2 spell: Scorch
  1114 | D:2      | Found a snail-covered altar of Cheibriados.
  1146 | D:2      | Reached XP level 3. HP: 13/24 MP: 0/6
  1155 | D:2      | Learned a level 3 spell: Kindle Blastsparks
  1663 | D:2      | Found Voabret's Book Emporium.
  1765 | D:2      | Identified the -1 pair of boots of Idwum {+Blink Regen+
                  | Str+4}
  1835 | D:2      | Found a faded altar of an unknown god.
  1982 | D:2      | Identified a scroll of acquirement
  1982 | D:2      | Acquired 825 gold pieces
  2026 | D:3      | Noticed Grinder
  2256 | D:3      | Killed Grinder
  2257 | D:3      | Reached XP level 4. HP: 24/31 MP: 3/9
  2257 | D:3      | Gained mutation: You sometimes gain a little power by
                  | taking damage. [demonic ancestry]
  2257 | D:3      | Reached XP level 5. HP: 28/36 MP: 3/10
  2412 | D:3      | Identified the +9 hand axe "Bexzilloz" {venom, Dex+4}
  2446 | D:3      | Reached XP level 6. HP: 30/42 MP: 2/11
  3098 | D:3      | Found a shimmering altar of Xom.
  3098 | D:3      | Found a shimmering altar of Xom.
  3099 | D:3      | Found a shimmering altar of Xom.
  3101 | D:3      | Found a shimmering altar of Xom.
  3102 | D:3      | Noticed Terence
  3205 | D:3      | Killed Terence
  3411 | D:3      | Learned a level 4 spell: Flame Wave
  3704 | D:4      | Found Nakacs's Magic Scroll Shoppe.
  3837 | D:4      | Found an iron altar of Okawaru.
  4289 | D:5      | Entered Level 5 of the Dungeon
  4349 | D:5      | Reached skill level 5 in Fire Magic
  4349 | D:5      | Gained mutation: You sometimes gain power by taking damage.
                  | [demonic ancestry]
  4349 | D:5      | Reached XP level 7. HP: 40/47 MP: 2/13
  4692 | D:5      | Reached skill level 5 in Spellcasting
  4974 | D:5      | Noticed Pikel
  4992 | D:5      | Killed Pikel
  4993 | D:5      | Gained mutation: You are partially covered in rugged brown
                  | scales. (AC +1, +3% HP) [demonic ancestry]
  4993 | D:5      | Reached XP level 8. HP: 43/54 MP: 0/17
  5209 | D:5      | Reached skill level 1 in Fighting
  6110 | D:6      | Found a staircase to the Ecumenical Temple.
  6139 | D:6      | Found Juohit's Antique Weapon Emporium.
  6146 | D:6      | Gained mutation: You are mostly covered in rugged brown
                  | scales. (AC +2, +5% HP) [demonic ancestry]
  6146 | D:6      | Reached XP level 9. HP: 55/63 MP: 13/19
  6294 | Temple   | Entered the Ecumenical Temple
  6379 | Temple   | Became a worshipper of Vehumet
  6652 | D:6      | Found a bloodstained altar of Trog.
  6864 | D:6      | Noticed Sigmund
  6874 | D:6      | Killed Sigmund
  7210 | D:6      | Found a runed translucent door.
  7212 | D:6      | Noticed Crazy Yiuf
  7231 | D:6      | Killed Crazy Yiuf
  7244 | D:6      | Acquired Diusoz's Foundations of Spellcraft
  7922 | D:7      | Found a hide-covered altar of Uskayaw.
  8070 | D:7      | Found a runed translucent gate.
  8071 | D:7      | Found a runed translucent gate.
  8072 | D:7      | Found a runed translucent gate.
  8083 | D:7      | Found a shimmering blue altar of Sif Muna.
  8141 | D:7      | Noticed spirosbanana's ghost (novice MiBe)
  8535 | D:8      | Reached skill level 5 in Conjurations
  8538 | D:8      | Reached * piety under Vehumet
  8538 | D:8      | Offered knowledge of Freeze by Vehumet.
  8552 | D:8      | HP: 2/64 [yak (16)]
  8554 | D:8      | Reached XP level 10. HP: 2/70 MP: 5/22
  8554 | D:8      | Mangled by a yak

Illustrated notes

Levels and vault maps discovered:
D:1:      grunt_arrival_lava_bath, layout_loops_ring, minmay_crystal_room
D:2:      layout_loops_cross, serial_shops, nicolae_lakefront_shop, basic_altar,
          dilly_ecumenical_altar_fadedgnrine
D:3:      layout_loops_ring, xom_redecorated, minmay_misc_feat_rows,
          uniq_grinder, uniq_terence
D:4:      layout_cave_pools, mainiacjoe_overflow_chevrons, serial_shops,
          nicolae_shop_trees, minmay_misc_feat_tower
D:5:      layout_loops_ring, uniq_pikel
D:6:      layout_cave_pools, lemuel_coloured_pillars_altar,
          minmay_temple_entry_statues_fountains, serial_shops,
          nicolae_take_the_stairs, uniq_crazy_yiuf_cottage, uniq_sigmund
D:7:      layout_basic, mainiacjoe_overflow_alcove_2, mainiacjoe_overflow_paths,
          biasface_ghost_orc_armoury, chequers_serial_rivers_small_b,
          minmay_manual_monstrance
D:8:      layout_basic, overflow_temple_1_default,
          gammafunk_temple_overflow_forgotten
Temple:   nicolae_temple_bog_church

Skill      XL: |  1  2  3  4  5  6  7  8  9 |
---------------+----------------------------+-----
Fire Magic     | 3 4 5 6 7 8 |  8.6
Dodging        | 2 3 |  3.1
Spellcasting   | 3 4 6 7 8 |  8.7
Conjurations   | 2 3 4 5 |  5.3
Fighting       | 1 |  1.8
Maces & Flails | |  0.9
Staves         | |  0.5
Stealth        | |  1.7

Action                   |  1- 3 |  4- 6 |  7- 9 | 10-12 || total
-------------------------+-------+-------+-------+-------++-------
Melee: Mace              |     3 |     2 |     8 |       ||    13
       Quarterstaff      |       |       |    13 |       ||    13
 Cast: Foxfire           |    64 |    86 |   113 |       ||   263
       Scorch            |     7 |    19 |    39 |       ||    65
       Flame Wave        |       |       |    15 |       ||    15
  Use: Scroll            |     8 |     3 |     4 |       ||    15
       Potion            |     1 |       |       |       ||     1
Armor: Robe              |    13 |     1 |    14 |       ||    28
       Steam dragon scal |       |       |     4 |       ||     4
Dodge: Dodged            |    28 |    11 |    45 |       ||    84

Table legend: (Time is in decaauts)
 A = Elapsed time spent in this place.
 B = Non-inter-level travel time spent in this place.
 C = Inter-level travel time spent in this place.
 D = Time resting spent in this place.
 E = Time spent auto-exploring this place.
 F = Levels seen in this place.
 G = Mean time per level.
                   A        B        C        D        E       F      G
               +--------+--------+--------+--------+--------+-----+--------+
         Total |   8580 |   8232 |    348 |    622 |   6529 |   9 |  953.3 |
       Dungeon |   8343 |   8015 |    328 |    622 |   6334 |   8 | 1042.9 |
        Temple |    237 |    218 |     19 |      0 |    194 |   1 |  237.0 |
               +--------+--------+--------+--------+--------+-----+--------+

Top non-repeatable levels by time:
     D:5: 1395 daAuts
     D:2: 1315 daAuts
     D:3: 1312 daAuts
     D:6: 1254 daAuts
     D:7: 1061 daAuts
     D:1: 994 daAuts
     D:4: 820 daAuts
  Temple: 237 daAuts
     D:8: 190 daAuts
